[ AOE2 MATCH · #513644550 ]
UnrankedChinese vs Civ #60
Player's team · WIN
Rival team · LOSS
[ REPLAY ANALYSIS · EXTRACTED FROM THE RECORDED GAME ]
Feudal
9:14
Castle
—
Imperial
—
| APM avg | 62.4 |
| APM peak | 94 |
| eAPM avg | 27.1 |
| Villagers / military | 48 / 30 |
Focus
⚔️ 39.6% · 🌾 60.4%
Archer ×15 · Skirmisher ×15
Feudal
8:52
Castle
—
Imperial
—
| APM avg | 78.4 |
| APM peak | 128 |
| eAPM avg | 25.8 |
| Villagers / military | 54 / 33 |
Focus
⚔️ 45.6% · 🌾 54.4%
Skirmisher ×17 · Militia ×11 · Archer ×5
Match map
Initial resources + every placement click. Lines = walls · curves = elevation contours. ◆ gold · ⬟ stone · ● berries · ✦ relic · ◌ wall gap
Your base· Open — unwalled flank
DS_Champi WarrioR's base· Open — unwalled flank
Smoothed initial terrain · ◌ = detected wall gap · hover for details
Inputs per minute
— OS+ | Emil :D - - DS_Champi WarrioR
Build order — OS+ | Emil :D
137 actions detected in the replay
| 0:01 | Research | Loom |
| 0:01 | Research | Loom |
| 0:43 | Queue | Villager (Male) |
| 0:43 | Queue | Villager (Male) |
| 1:10 | Queue | Villager (Male) |
| 1:34 | Queue | Villager (Male) |
| 1:34 | Queue | Villager (Male) |
| 2:04 | Queue | Villager (Male) |
| 2:04 | Queue | Villager (Male) |
| 2:26 | Queue | Villager (Male) |
| 2:26 | Queue | Villager (Male) |
| 2:42 | Build | Lumber Camp |
| 2:51 | Queue | Villager (Male) |
| 2:51 | Queue | Villager (Male) |
| 2:51 | Queue | Villager (Male) |
| 3:16 | Queue | Villager (Male) |
| 3:17 | Queue | Villager (Male) |
| 3:19 | Build | House |
| 3:26 | Queue | Villager (Male) |
| 3:27 | Queue | Villager (Male) |
| 3:53 | Build | House |
| 4:02 | Queue | Villager (Male) |
| 4:02 | Queue | Villager (Male) |
| 4:29 | Queue | Villager (Male) |
| 4:29 | Queue | Villager (Male) |
| 4:30 | Queue | Villager (Male) |
| 4:53 | Queue | Villager (Male) |
| 4:53 | Queue | Villager (Male) |
| 5:05 | Queue | Villager (Male) |
| 5:05 | Queue | Villager (Male) |
| 5:06 | Build | Mill |
| 6:54 | Build | House |
| 6:59 | Research | Feudal Age |
| 7:21 | Build | Barracks |
| 8:22 | Queue | Villager (Male) |
| 8:38 | Build | Palisade Wall |
| 8:39 | Build | Palisade Wall |
| 8:47 | Build | Palisade Wall |
| 8:49 | Build | Palisade Wall |
| 8:50 | Build | Palisade Wall |
| 8:51 | Build | Palisade Wall |
| 9:04 | Build | Mining Camp |
| 9:14 | Age | Feudal Age |
| 9:26 | Build | Archery Range |
| 9:31 | Build | Palisade Wall |
| 9:32 | Queue | Villager (Male) |
| 9:34 | Build | Palisade Wall |
| 9:36 | Build | Palisade Wall |
| 9:38 | Build | Palisade Wall |
| 9:39 | Build | Palisade Wall |
| 9:41 | Build | Palisade Wall |
| 9:47 | Build | House |
| 9:50 | Queue | Villager (Male) |
| 9:54 | Build | House |
| 9:56 | Build | Palisade Wall |
| 9:57 | Queue | Archer |
| 9:59 | Build | House |
| 10:02 | Build | Palisade Wall |
| 10:13 | Queue | Archer |
| 10:19 | Queue | Villager (Male) |
| 10:27 | Research | Double-Bit Axe |
| 10:28 | Research | Double-Bit Axe |
| 11:10 | Queue | Villager (Male) |
| 11:11 | Queue | Archer |
| 11:15 | Build | Blacksmith |
| 11:28 | Queue | Archer |
| 11:29 | Queue | Villager (Male) |
| 11:33 | Queue | Skirmisher |
| 11:37 | Research | Fletching |
| 11:37 | Research | Fletching |
| 12:14 | Queue | Villager (Male) |
| 12:28 | Queue | Archer |
| 12:33 | Queue | Villager (Male) |
| 12:45 | Queue | Villager (Male) |
| 12:47 | Build | House |
| 13:01 | Queue | Archer |
| 13:02 | Queue | Villager (Male) |
| 13:15 | Build | Farm |
| 13:15 | Build | Farm |
| 13:15 | Build | Farm |
| 13:16 | Build | Farm |
| 13:16 | Build | Farm |
| 13:19 | Queue | Skirmisher |
| 13:19 | Queue | Skirmisher |
| 13:58 | Build | Farm |
| 13:59 | Build | Farm |
| 13:59 | Build | Farm |
| 14:00 | Build | Farm |
| 14:24 | Queue | Villager (Male) |
| 14:24 | Queue | Villager (Male) |
| 14:27 | Queue | Archer |
| 14:32 | Build | Archery Range |
| 15:01 | Queue | Villager (Male) |
| 15:02 | Queue | Archer |
| 15:03 | Queue | Skirmisher |
| 15:06 | Build | House |
| 15:08 | Queue | Skirmisher |
| 15:08 | Queue | Skirmisher |
| 15:10 | Build | Farm |
| 15:17 | Queue | Villager (Male) |
| 15:29 | Build | House |
| 15:30 | Build | House |
| 15:35 | Queue | Skirmisher |
| 15:35 | Queue | Skirmisher |
| 16:02 | Queue | Villager (Male) |
| 16:02 | Queue | Skirmisher |
| 16:02 | Queue | Skirmisher |
| 16:07 | Queue | Villager (Male) |
| 16:09 | Build | Farm |
| 16:20 | Queue | Skirmisher |
| 16:21 | Queue | Villager (Male) |
| 16:24 | Build | Palisade Wall |
| 16:25 | Build | Palisade Wall |
| 16:25 | Build | Palisade Wall |
| 16:26 | Build | Palisade Wall |
| 16:26 | Build | Palisade Wall |
| 16:27 | Build | Palisade Wall |
| 16:34 | Build | Palisade Wall |
| 16:50 | Queue | Skirmisher |
| 16:51 | Queue | Skirmisher |
| 16:52 | Queue | Villager (Male) |
| 17:06 | Queue | Villager (Male) |
| 17:07 | Build | Farm |
| 17:39 | Queue | Villager (Male) |
| 17:42 | Queue | Archer |
| 17:42 | Queue | Archer |
| 18:04 | Queue | Archer |
| 18:04 | Queue | Archer |
| 18:07 | Queue | Villager (Male) |
| 18:19 | Build | Lumber Camp |
| 18:29 | Queue | Archer |
| 18:32 | Queue | Skirmisher |
| 18:32 | Queue | Skirmisher |
| 18:36 | Queue | Villager (Male) |
| 19:04 | Queue | Villager (Male) |
| 19:14 | Queue | Archer |
| 19:14 | Queue | Archer |
Build order — DS_Champi WarrioR
129 actions detected in the replay
| 0:01 | Queue | Villager (Male) |
| 0:01 | Queue | Villager (Male) |
| 0:01 | Queue | Villager (Male) |
| 0:02 | Queue | Villager (Male) |
| 0:02 | Queue | Villager (Male) |
| 0:02 | Build | House |
| 0:03 | Build | House |
| 1:31 | Queue | Villager (Male) |
| 1:31 | Queue | Villager (Male) |
| 1:48 | Build | Lumber Camp |
| 1:55 | Queue | Villager (Male) |
| 1:55 | Queue | Villager (Male) |
| 2:15 | Queue | Villager (Male) |
| 2:15 | Queue | Villager (Male) |
| 2:39 | Queue | Villager (Male) |
| 2:40 | Queue | Villager (Male) |
| 2:58 | Queue | Villager (Male) |
| 3:16 | Queue | Villager (Male) |
| 3:16 | Queue | Villager (Male) |
| 3:50 | Build | House |
| 3:54 | Queue | Villager (Male) |
| 4:20 | Queue | Villager (Male) |
| 4:22 | Build | Mill |
| 4:50 | Queue | Villager (Male) |
| 5:04 | Queue | Villager (Male) |
| 5:19 | Queue | Villager (Male) |
| 6:00 | Build | Barracks |
| 6:10 | Queue | Villager (Male) |
| 6:18 | Build | House |
| 6:42 | Research | Feudal Age |
| 7:02 | Queue | Militia |
| 7:02 | Queue | Militia |
| 7:10 | Queue | Militia |
| 7:18 | Build | Mining Camp |
| 7:35 | Queue | Militia |
| 7:35 | Queue | Militia |
| 7:38 | Build | House |
| 7:56 | Research | Loom |
| 8:25 | Build | House |
| 8:52 | Age | Feudal Age |
| 8:55 | Research | Man-at-Arms (upgrade) |
| 9:03 | Build | Archery Range |
| 9:06 | Queue | Villager (Male) |
| 9:06 | Queue | Villager (Male) |
| 9:32 | Queue | Villager (Male) |
| 9:33 | Queue | Villager (Male) |
| 9:46 | Build | Watch Tower |
| 9:48 | Queue | Archer |
| 9:52 | Queue | Villager (Male) |
| 10:15 | Queue | Archer |
| 10:16 | Queue | Archer |
| 10:24 | Queue | Villager (Male) |
| 10:24 | Queue | Villager (Male) |
| 10:49 | Queue | Villager (Male) |
| 10:49 | Queue | Villager (Male) |
| 11:12 | Build | Palisade Wall |
| 11:12 | Build | Palisade Wall |
| 11:13 | Build | Palisade Wall |
| 11:13 | Build | Palisade Wall |
| 11:17 | Queue | Archer |
| 11:20 | Build | Farm |
| 11:26 | Queue | Villager (Male) |
| 11:26 | Queue | Villager (Male) |
| 11:28 | Build | Farm |
| 11:35 | Queue | Villager (Male) |
| 11:36 | Queue | Villager (Male) |
| 11:40 | Queue | Skirmisher |
| 11:44 | Build | Farm |
| 11:59 | Build | Watch Tower |
| 12:10 | Queue | Skirmisher |
| 12:20 | Queue | Skirmisher |
| 12:20 | Queue | Skirmisher |
| 12:26 | Queue | Skirmisher |
| 12:26 | Queue | Skirmisher |
| 12:41 | Queue | Villager (Male) |
| 12:46 | Build | Palisade Wall |
| 12:47 | Build | Palisade Wall |
| 12:49 | Build | Palisade Wall |
| 12:59 | Queue | Skirmisher |
| 13:09 | Queue | Villager (Male) |
| 13:27 | Queue | Skirmisher |
| 13:33 | Queue | Villager (Male) |
| 13:50 | Queue | Skirmisher |
| 14:16 | Queue | Villager (Male) |
| 14:16 | Queue | Villager (Male) |
| 14:19 | Build | Farm |
| 14:20 | Build | Farm |
| 14:22 | Queue | Skirmisher |
| 14:30 | Build | Blacksmith |
| 14:46 | Queue | Villager (Male) |
| 15:01 | Queue | Skirmisher |
| 15:11 | Build | House |
| 15:14 | Queue | Archer |
| 15:16 | Research | Fletching |
| 15:18 | Build | Farm |
| 15:32 | Queue | Villager (Male) |
| 15:33 | Queue | Villager (Male) |
| 16:01 | Queue | Villager (Male) |
| 16:04 | Build | Farm |
| 16:09 | Queue | Skirmisher |
| 16:16 | Queue | Militia |
| 16:19 | Build | Farm |
| 16:21 | Build | Farm |
| 16:27 | Queue | Skirmisher |
| 16:32 | Build | House |
| 16:36 | Queue | Villager (Male) |
| 16:37 | Queue | Villager (Male) |
| 16:38 | Build | House |
| 16:40 | Build | Farm |
| 16:49 | Queue | Militia |
| 17:05 | Queue | Villager (Male) |
| 17:10 | Queue | Villager (Male) |
| 17:10 | Queue | Villager (Male) |
| 17:12 | Build | Farm |
| 17:18 | Queue | Skirmisher |
| 17:18 | Queue | Skirmisher |
| 17:28 | Queue | Skirmisher |
| 17:33 | Queue | Villager (Male) |
| 17:33 | Queue | Villager (Male) |
| 17:44 | Build | Farm |
| 17:56 | Queue | Skirmisher |
| 18:10 | Queue | Militia |
| 18:15 | Build | Watch Tower |
| 18:19 | Queue | Militia |
| 18:20 | Queue | Villager (Male) |
| 18:41 | Queue | Militia |
| 18:49 | Queue | Villager (Male) |
| 19:09 | Queue | Militia |
| 19:10 | Queue | Villager (Male) |
Match timeline
| 6:00 | DS_Champi WarrioR · first_building Barracks |
| 7:21 | OS+ | Emil :D · first_building Barracks |
| 8:38 | OS+ | Emil :D · wall_segment Palisade Wall x1 |
| 8:39 | OS+ | Emil :D · wall_segment Palisade Wall x2 |
| 8:47 | OS+ | Emil :D · wall_segment Palisade Wall x1 |
| 8:49 | OS+ | Emil :D · wall_segment Palisade Wall x1 |
| 8:50 | OS+ | Emil :D · wall_segment Palisade Wall x1 |
| 8:51 | OS+ | Emil :D · wall_segment Palisade Wall x1 |
| 8:52 | DS_Champi WarrioR · age_up feudal |
| 9:03 | DS_Champi WarrioR · first_building Archery Range |
| 9:14 | OS+ | Emil :D · age_up feudal |
| 9:26 | OS+ | Emil :D · first_building Archery Range |
| 9:31 | OS+ | Emil :D · wall_segment Palisade Wall x1 |
| 9:34 | OS+ | Emil :D · wall_segment Palisade Wall x1 |
| 9:36 | OS+ | Emil :D · wall_segment Palisade Wall x1 |
| 9:38 | OS+ | Emil :D · wall_segment Palisade Wall x1 |
| 9:39 | OS+ | Emil :D · wall_segment Palisade Wall x1 |
| 9:41 | OS+ | Emil :D · wall_segment Palisade Wall x1 |
| 9:56 | OS+ | Emil :D · wall_segment Palisade Wall x1 |
| 10:02 | OS+ | Emil :D · wall_segment Palisade Wall x4 |
| 11:12 | DS_Champi WarrioR · wall_segment Palisade Wall x1 |
| 11:12 | DS_Champi WarrioR · wall_segment Palisade Wall x1 |
| 11:13 | DS_Champi WarrioR · wall_segment Palisade Wall x1 |
| 11:13 | DS_Champi WarrioR · wall_segment Palisade Wall x1 |
| 12:46 | DS_Champi WarrioR · wall_segment Palisade Wall x1 |
| 12:47 | DS_Champi WarrioR · wall_segment Palisade Wall x1 |
| 12:49 | DS_Champi WarrioR · wall_segment Palisade Wall x1 |
| 16:24 | OS+ | Emil :D · wall_segment Palisade Wall x5 |
| 16:25 | OS+ | Emil :D · wall_segment Palisade Wall x4 |
| 16:25 | OS+ | Emil :D · wall_segment Palisade Wall x2 |
| 16:26 | OS+ | Emil :D · wall_segment Palisade Wall x4 |
| 16:26 | OS+ | Emil :D · wall_segment Palisade Wall x2 |
| 16:27 | OS+ | Emil :D · wall_segment Palisade Wall x4 |
| 16:34 | OS+ | Emil :D · wall_segment Palisade Wall x3 |
| 19:20 | DS_Champi WarrioR · resign |
[ AI ANALYSIS · 1 CREDIT ]
What really happened in this match?
Wolo.gg analyzes every decision: build order, eco, micro, common mistakes by bracket. Personalized analysis on WhatsApp or Discord in 30 seconds.
Civ guide
Chinese
Perfil
Jugador #862991